 Dungeon Crawl Stone Soup version 0.26-a0-670-g578ab304f5 (webtiles) character file.

Game seed: 6262611029861343588

1491 PentaManta the Grappler (level 8, -5/59 HPs)
             Began as a Ghoul Artificer on Oct 19, 2020.
             Was an Initiate of Makhleb.
             Slain by an orc warrior
             ... wielding a +0 scimitar
              (12 damage)
             ... on level 6 of the Dungeon.
             The game lasted 00:12:33 (6684 turns).

PentaManta the Grappler (Ghoul Artificer)           Turns: 6684, Time: 00:12:34

Health: -5/59      AC:  9    Str: 18    XL:     8   Next: 80%
Magic:  7/7        EV: 17    Int:  6    God:    Makhleb [......]
Gold:   380        SH:  0    Dex:  9    Spells: 7/7 levels left

rFire    + . .     SeeInvis .     - Unarmed
rCold    + . .     Faith    .   (no shield)
rNeg     + + +     Spirit   .   E - +1 scale mail {rF+}
rPois    ∞         Reflect  .   A - +0 hat
rElec    .         Harm     .   F - +0 cloak
rCorr    .         Rampage  .   (no gloves)
MR       .....                  m - +0 pair of boots
Stlth    ..........             (no amulet)
HPRegen  0.00/turn              f - +4 ring of evasion
MPRegen  0.10/turn              l - +4 ring of evasion

@: no status effects
A: rotting body, claws 1, cold resistance 1, negative energy resistance 3,
inhibited regeneration, torment resistance, unbreathing
a: Renounce Religion


You were on level 6 of the Dungeon.
You worshipped Makhleb.
Makhleb was noncommittal.
You visited 2 branches of the dungeon, and saw 8 of its levels.

You collected 380 gold pieces.

Inventory:

Hand Weapons
 p - a +0 short sword of electrocution
Missiles
 t - 45 poisoned darts (quivered)
 w - a throwing net
Armour
 m - a +0 pair of boots (worn)
 A - a +0 hat (worn)
 E - a +1 scale mail of fire resistance (worn)
 F - a +0 cloak (worn)
 H - a +0 plate armour
Jewellery
 b - an uncursed ring of ice
 f - a +4 ring of evasion (left claw)
 l - a +4 ring of evasion (right claw)
 n - an uncursed ring of ice
Wands
 c - a wand of flame (15)
 d - a wand of enslavement (15)
 e - a wand of random effects (15)
 o - a wand of paralysis (3)
 v - a wand of polymorph (17)
Scrolls
 k - 3 scrolls of remove curse
 q - 6 scrolls of identify
 r - a scroll of enchant armour
 x - 3 scrolls of teleportation
 y - a scroll of immolation {unknown}
 B - a scroll of magic mapping
 C - a scroll of noise {unknown}
Potions
 a - 2 potions of might
 g - 2 potions of flight {unknown}
 h - a potion of magic {unknown}
 i - a potion of cancellation
 j - a potion of curing
 s - 2 potions of brilliance {unknown}
 u - a potion of ambrosia {unknown}
 z - a potion of mutation {unknown}


   Skills:
 - Level 1.1 Fighting
 - Level 1.7 Armour
 - Level 0.8 Dodging
 - Level 1.1 Stealth
 + Level 11.4 Unarmed Combat
 - Level 2.6 Evocations


You had 7 spell levels left.
You didn't know any spells.
Your spell library was empty.

Dungeon Overview and Level Annotations

Branches:
Dungeon (7/15)             Temple (1/1) D:5

Altars:
Ashenzari
Cheibriados
Elyvilon
Gozag
Kikubaaqudgha
Makhleb
Nemelex Xobeh
Qazlal
Ru
Sif Muna
Trog
Uskayaw
Vehumet
Xom
Yredelemnul
Zin
The Shining One


Innate Abilities, Weirdness & Mutations

Your body is rotting away.
You thrive by killing the living.
You are immune to poison.
You have sharp fingernails.
Your flesh is cold resistant. (rC+)
You are immune to negative energy. (rN+++)
You do not regenerate when monsters are visible.
You are immune to unholy pain and torment.
You can survive without breathing.


Message History

The orc warrior misses you.
You scratch the orc warrior.
The orc warrior is severely wounded.
The orc warrior hits you with a +0 scimitar!!
* * * LOW HITPOINT WARNING * * *
Your scale mail prevents you from hitting the orc warrior.
The orc warrior is severely wounded.
Evoke which item? (* to show all) (? for menu, Esc to quit)
Aiming: Paralyse
Press: ? - help, Shift-Dir - straight line, f - orc warrior
Aim: an orc warrior, wielding a +0 scimitar, wearing a +0 plate armour and quivering 6 boomerangs (severely wounded, chance to defeat MR: 53%)
The orc warrior resists with significant effort.
The orc warrior completely misses you.
Evoke which item? (* to show all) (? for menu, Esc to quit)
Aiming: Paralyse
Press: ? - help, Shift-Dir - straight line, f/p - orc warrior
Aim: an orc warrior, wielding a +0 scimitar, wearing a +0 plate armour and quivering 6 boomerangs (severely wounded, chance to defeat MR: 53%)
The orc warrior resists with significant effort.
The orc warrior hits you with a +0 scimitar!
You die...

.#..........#.....#
.###..###...##....#
...#..###...##....#
...#.........'....#
...#.........#....#
...#.........#....#
...##+###...##....#
........#...##..=÷#
........#...#...@.#
.....÷..#...#...o[#
........##'###....#
##'###.......#....#
...†.+.......#######
.....#.............#
+###+#.............#
.##..########......#
..#.........#......#


You could see an orc warrior.

Vanquished Creatures
  Grinder (D:3)
  An ice beast (D:6)
  An orc warrior (D:6)
  2 eyes of draining (D:5)
  A phantom (D:6)
  2 bullfrogs (D:6)
  A bullfrog zombie (D:5)
  A centaur zombie (D:6)
  An orc priest (D:7)
  A hound (D:5)
  3 jellies (D:5)
  Jessica (D:3)
  Natasha (thrice) (D:3)
  2 iguanas
  6 worker ants
  2 hound skeletons (D:5)
  4 adders
  4 gnolls (D:5)
  2 ufetubi (D:6)
  An adder skeleton (D:4)
  2 worms
  A dart slug (D:3)
  6 leopard geckos
  15 orcs
  4 giant cockroaches
  6 goblins
  7 hobgoblins
  6 kobolds
  6 quokkas
  3 ball pythons
  5 bats
  9 frilled lizards
  A leopard gecko skeleton (D:4)
  9 rats
120 creatures vanquished.

Vanquished Creatures (others)
  5 plants (D:3)
5 creatures vanquished.

Grand Total: 125 creatures vanquished

Notes
Turn   | Place    | Note
-------+----------+-------------------------------------------
     0 | D:1      | PentaManta the Ghoul Artificer began the quest for the Orb.
     0 | D:1      | Reached XP level 1. HP: 16/16 MP: 0/0
   190 | D:1      | Reached skill level 1 in Unarmed Combat
   278 | D:1      | Reached XP level 2. HP: 18/23 MP: 1/1
   360 | D:1      | Reached skill level 2 in Unarmed Combat
  1391 | D:2      | Found a radiant altar of Vehumet.
  1475 | D:2      | Reached skill level 3 in Unarmed Combat
  1475 | D:2      | Reached XP level 3. HP: 27/28 MP: 2/2
  1845 | D:3      | Noticed Grinder
  1850 | D:3      | Paralysed by Grinder for 6 turns
  2177 | D:3      | Killed Grinder
  2177 | D:3      | Reached skill level 6 in Unarmed Combat
  2177 | D:3      | Reached XP level 4. HP: 32/35 MP: 3/3
  2177 | D:3      | Reached XP level 5. HP: 37/40 MP: 4/4
  2177 | D:3      | Reached XP level 6. HP: 43/47 MP: 5/5
  2286 | D:3      | Noticed Jessica
  2287 | D:3      | Killed Jessica
  2401 | D:3      | Noticed a +0 dagger
  2402 | D:3      | Found a hide-covered altar of Uskayaw.
  2402 | D:3      | Noticed a +0 dagger
  2653 | D:3      | Noticed Natasha
  2656 | D:3      | Killed Natasha
  2893 | D:3      | Found a glowing silver altar of Zin.
  2893 | D:3      | Noticed an angel
  2925 | D:3      | Noticed Natasha
  2934 | D:3      | Killed Natasha
  2934 | D:3      | Reached skill level 7 in Unarmed Combat
  3021 | D:3      | Found a hide-covered altar of Uskayaw.
  3213 | D:3      | Found a glowing silver altar of Zin.
  3415 | D:3      | Noticed Natasha
  3423 | D:3      | Killed Natasha
  4109 | D:5      | Entered Level 5 of the Dungeon
  4121 | D:5      | Reached XP level 7. HP: 52/52 MP: 6/6
  4199 | D:5      | Found a sparkling altar of Nemelex Xobeh.
  4326 | D:5      | Reached skill level 8 in Unarmed Combat
  4878 | D:5      | Reached skill level 9 in Unarmed Combat
  4992 | D:5      | Found a burning altar of Makhleb.
  5041 | D:5      | Found a staircase to the Ecumenical Temple.
  5087 | D:5      | Became a worshipper of Makhleb the Destroyer
  5120 | D:5      | Found a glowing golden altar of the Shining One.
  5141 | Temple   | Entered the Ecumenical Temple
  5350 | D:5      | Found a bloodstained altar of Trog.
  5367 | D:5      | Reached XP level 8. HP: 59/59 MP: 0/7
  5631 | D:6      | Reached skill level 10 in Unarmed Combat
  5984 | D:6      | Found a snail-covered altar of Cheibriados.
  6356 | D:7      | Reached skill level 11 in Unarmed Combat
  6684 | D:6      | Slain by an orc warrior

Illustrated notes

Levels and vault maps discovered:
D:1:      dpeg_arrival_water_temple_mockup, layout_basic, minmay_tromino_v4_b
D:2:      layout_rooms, fiery_altar_vehumet, minmay_stone_trees_small
D:3:      layout_loops_cross, dancing_weapons_uskayaw, zin_angel,
          serial_bayou_lake_a, uniq_natasha, uniq_grinder, uniq_jessica
D:4:      layout_rooms
D:5:      minmay_diamond_boxcup, layout_loops_ring,
          nemelex_xobeh_ov_fountains_minmay, lightli_temple_of_fire,
          trog_eyes_of_draining, minmay_temple_entry_drinking_statues,
          basic_altar
D:6:      layout_gridville, nicolae_overflow_crystal_walls
D:7:      layout_layer_cave, uniq_joseph
Temple:   zaba_magenta_temple

Skill      XL: |  1  2  3  4  5  6  7  8 |
---------------+-------------------------+-----
Unarmed Combat | 1 3 6 7 9 11 | 11.4
Fighting       | |  1.1
Armour         | |  1.7
Dodging        | |  0.8
Stealth        | |  1.1
Evocations     | |  2.6

Action                   |  1- 3 |  4- 6 |  7- 9 || total
-------------------------+-------+-------+-------++-------
Melee: Unarmed           |   151 |   104 |   236 ||   491
       Club              |    13 |       |       ||    13
       Punch             |     1 |     1 |     6 ||     8
Evoke: Wand              |     1 |       |     2 ||     3
  Use: Scroll            |     7 |     2 |       ||     9
 Stab: Paralysed         |    11 |       |       ||    11
       Sleeping          |     1 |       |       ||     1
Armor: Leather armour    |    47 |     6 |       ||    53
       Ring mail         |       |    10 |    18 ||    28
       Scale mail        |       |       |    36 ||    36
Dodge: Dodged            |   115 |    57 |   113 ||   285

Table legend: (Time is in decaauts)
 A = Elapsed time spent in this place.
 B = Non-inter-level travel time spent in this place.
 C = Inter-level travel time spent in this place.
 D = Time resting spent in this place.
 E = Time spent auto-exploring this place.
 F = Levels seen in this place.
 G = Mean time per level.
                   A        B        C        D        E       F      G
               +--------+--------+--------+--------+--------+-----+--------+
         Total |   6686 |   6344 |    342 |    513 |   4734 |   8 |  835.8 |
       Dungeon |   6609 |   6285 |    324 |    513 |   4677 |   7 |  944.1 |
        Temple |     76 |     58 |     18 |      0 |     57 |   1 |   76.0 |
               +--------+--------+--------+--------+--------+-----+--------+

Top non-repeatable levels by time:
     D:3: 1563 daAuts
     D:1: 1391 daAuts
     D:5: 1289 daAuts
     D:6: 1007 daAuts
     D:2: 703 daAuts
     D:4: 568 daAuts
     D:7: 84 daAuts
  Temple: 76 daAuts
